 Dungeon Crawl Stone Soup version 0.22.1-1-ga44c0e5 (webtiles) character file.

63 Zephyr the Vandal (level 4, 0/29 HPs)
             Began as a Halfling Hunter on Nov 1, 2018.
             Slain by a gnoll
             ... wielding a +0 spear
              (2 damage)
             ... on level 2 of the Dungeon.
             The game lasted 00:10:27 (1605 turns).

Zephyr the Vandal (Halfling Hunter)                 Turns: 1605, Time: 00:10:27

Health: 0/29       AC:  3    Str: 13    XL:     4   Next: 31%
Magic:  4/4        EV: 15    Int: 14    God:    Xom [..*...]
Gold:   52         SH:  0    Dex: 15    Spells: 3/3 levels left

rFire    . . .     SeeInvis .   a - +1 hunting sling
rCold    . . .     Gourm    .   (shield restricted)
rNeg     . . .     Faith    .   c - +0 leather armour
rPois    .         Spirit   .   (no helmet)
rElec    .         Reflect  .   (no cloak)
rCorr    .         Harm     .   (no gloves)
MR       .....                  (no boots)
Stlth    ++........             (no amulet)
HPRegen  0.09/turn              (no ring)
MPRegen  0.09/turn              (no ring)

@: brilliant
A: small, mutation resistance 1
a: Renounce Religion


You were on level 2 of the Dungeon.
You worshipped Xom.
You were a toy of Xom.
You were very hungry.

You visited 1 branch of the dungeon, and saw 2 of its levels.

You collected 52 gold pieces.

Inventory:

Hand Weapons
 a - a +1 hunting sling (weapon)
 b - a +0 short sword
Missiles
 d - 7 sling bullets (quivered)
 e - 21 stones
Armour
 c - a +0 leather armour (worn)
Jewellery
 p - an uncursed ring of resist corrosion {unknown}
Scrolls
 g - a scroll of noise {unknown}
 j - a scroll of remove curse {unknown}
 k - a scroll of magic mapping {unknown}
 l - a scroll of fog {unknown}
Potions
 h - 2 potions of heal wounds {unknown}
 i - 3 potions of curing {unknown}
 m - a potion of haste {unknown}
 n - 2 potions of flight {unknown}
 q - a potion of lignification {unknown}
 r - 2 potions of brilliance {unknown}
Comestibles
 f - 5 rations


   Skills:
 + Level 2.3 Fighting
 + Level 1.5 Short Blades
 * Level 6.6 Slings
 + Level 2.7 Dodging
 + Level 1.8 Stealth


You had 3 spell levels left.
You didn't know any spells.
Your spell library was empty.

Dungeon Overview and Level Annotations

Branches:
Dungeon (2/15)

Altars:
Hepliaklqana
Xom
Yredelemnul


Innate Abilities, Weirdness & Mutations

You are small and have problems with some larger weapons.
You are somewhat resistant to further mutation.


Message History

The gnoll sergeant hits you from afar with a trident!
Found a ration.
The gnoll sergeant hits you from afar with a trident!
* * * LOW HITPOINT WARNING * * *
You feel a little less mighty now. Xom almost notices you.
Strange energies run through your body. The gnoll sergeant closely misses you.
The gnoll hits you from afar with a spear.
* * * LOW HITPOINT WARNING * * *
You see here a ration.
The gnoll hits you from afar with a spear.
* * * LOW HITPOINT WARNING * * *
The gnoll sergeant hits you from afar with a trident.
You die... "Hey, things were just getting interesting!"
Xom revives you!
The gnoll hits you from afar with a spear.
You die...
Xom howls with laughter!

#.........#)###.#
..........#.###.##
..........#.#.....
...######...#.....
.. #...'..... .
#...#.....
####'#'#.#...
########............
#..@..............).
#%..................
#.gg).........._..⌠.
#...................
#...................
#.........##........
#.........##........
#.........##...#..#.
############...#.>#.


You could see a gnoll sergeant and a gnoll.

Vanquished Creatures
  A gnoll (D:2)
  An adder (D:2)
  An ooze (D:1)
  2 worms (D:2)
  A dart slug (D:1)
  2 leopard geckos
  4 bats (D:1)
  7 giant cockroaches
  8 goblins
  3 hobgoblins (D:1)
  3 kobolds (D:1)
  A frilled lizard (D:1)
  2 rats (D:1)
36 creatures vanquished.

Notes
Turn   | Place    | Note
-------+----------+-------------------------------------------
     0 | D:1      | Zephyr the Halfling Hunter began the quest for the Orb.
     0 | D:1      | Reached XP level 1. HP: 14/14 MP: 1/1
    80 | D:1      | Reached skill level 6 in Slings
    95 | D:1      | Reached XP level 2. HP: 17/19 MP: 2/2
   311 | D:1      | Reached skill level 1 in Short Blades
   387 | D:1      | Reached XP level 3. HP: 20/24 MP: 3/3
  1225 | D:2      | Found a basalt altar of Yredelemnul.
  1228 | D:2      | Found a shimmering altar of Xom.
  1229 | D:2      | Found a hazy altar of Hepliaklqana.
  1293 | D:2      | Reached XP level 4. HP: 18/29 MP: 4/4
  1383 | D:2      | Noticed a gnoll sergeant
  1395 | D:2      | Became a worshipper of Xom of Chaos
  1484 | D:2      | XOM: mild Tmut miscast
  1488 | D:2      | XOM: enchant monster (bad)
  1492 | D:2      | XOM: divination: detect creatures
  1507 | D:2      | XOM: confuse monster(s)
  1509 | D:2      | XOM: potion effect (heal wounds)
  1523 | D:2      | XOM: potion effect (heal wounds)
  1525 | D:2      | XOM: harmless Erth miscast
  1528 | D:2      | XOM: potion effect (might)
  1572 | D:2      | XOM: potion effect (brilliance)
  1601 | D:2      | XOM: harmless Conj miscast
  1605 | D:2      | Xom revived you
  1605 | D:2      | Slain by a gnoll

Skill      XL: |  1  2 |
---------------+-------+-----
Slings         | 6 |  6.6
Short Blades   | 1 |  1.5
Fighting       | 2 |  2.3
Dodging        | |  2.7
Stealth        | |  1.8

Action                   |  1- 3 |  4- 6 || total
-------------------------+-------+-------++-------
Melee: Short sword       |    61 |    24 ||    85
 Fire: Hunting sling     |    40 |     5 ||    45
 Stab: Confused          |       |     1 ||     1
  Eat: Chunk             |     1 |       ||     1
Armor: Leather armour    |    12 |     9 ||    21
Dodge: Dodged            |    41 |    52 ||    93
